 Dungeon Crawl Stone Soup version 0.29-a0-25-g7f48f510a0 (webtiles) character file.

Game seed: 434506324023924510

4485 Devinter the Cudgeller (level 10, -1/77 (102) HPs)
             Began as a Troll Warper on Jan 1, 2022.
             Was an Initiate of Gozag.
             Slain by a water moccasin (8 damage)
             ... on level 8 of the Dungeon on Jan 31, 2022.
             The game lasted 00:57:29 (6821 turns).

Devinter the Cudgeller (Troll Warper)               Turns: 6821, Time: 00:57:29

HP:   -1/77 (102)   AC:  6    Str: 21    XL:     10   Next: 16%
MP:   11/13         EV: 10    Int:  9    God:    Gozag
Gold: 686           SH:  0    Dex: 13    Spells: 5/15 levels left

rFire   + . .      SeeInvis .   O - +5 mace
rCold   . . .      Faith    .   (no shield)
rNeg    . . .      Spirit   .   P - +1 robe {rF+}
rPois   .          Reflect  .   (helmet restricted)
rElec   .          Harm     .   q - +0 cloak
rCorr   .          Rampage  .   (gloves unavailable)
Will    .....                   (boots unavailable)
Stlth   +.........              (no amulet)
HPRegen 1.02/turn               E - ring of wizardry
MPRegen 0.13/turn               (no ring)

@: lethally poisoned (-1 -> -2), on blink cooldown, heavily drained
A: large, unfitting armour, claws 3, regeneration 1, shaggy fur 1, tough skin 1
a: Renounce Religion, Potion Petition, Call Merchant, Bribe Branch


You were on level 8 of the Dungeon.
You worshipped Gozag.
Gozag was pleased with you.
You visited 2 branches of the dungeon, and saw 9 of its levels.
You also visited: Ossuary.

You collected 770 gold pieces.
You paid 84 gold pieces to Gozag.

Inventory:

Hand Weapons
 v - a +0 giant spiked club
 H - the +4 spear "Sireciont" {vorpal, rC++ rN+ Dex-5}
   (You found it on level 6 of the Dungeon)

   It inflicts extra damage upon your enemies.
   Dex:       It affects your dexterity (-5).
   rC:        It greatly protects you from cold.
   rN:        It protects you from negative energy.
 O - a +5 mace (weapon)
Missiles
 c - 10 boomerangs of dispersal
 f - 35 poisoned darts
 g - 185 stones (quivered)
 x - 30 bolts
 y - 94 arrows
 M - 2 boomerangs
 N - a throwing net
Armour
 q - a +0 cloak (worn)
 P - a +1 robe of fire resistance (worn)
Jewellery
 E - a ring of wizardry (left claw)
Wands
 s - a wand of flame (22)
 F - a wand of charming (14)
 G - a wand of paralysis (6)
Scrolls
 a - a scroll of summoning {unknown}
 b - 3 scrolls of blinking
 h - 7 scrolls of identify {unknown}
 i - 2 scrolls of vulnerability {unknown}
 k - 4 scrolls of enchant weapon {unknown}
 m - 2 scrolls of holy word {unknown}
 u - 2 scrolls of magic mapping {unknown}
 w - 3 scrolls of amnesia {unknown}
 z - a scroll of fog {unknown}
 A - 2 scrolls of enchant armour {unknown}
 B - a scroll of noise {unknown}
 C - 3 scrolls of teleportation {unknown}
 D - a scroll of fear {unknown}
 I - a scroll of brand weapon {unknown}
 L - a scroll of acquirement {unknown}
Potions
 d - a potion of attraction {unknown}
 e - 3 potions of haste {unknown}
 j - 2 potions of heal wounds
 l - 3 potions of curing
 n - 3 potions of might {unknown}
 o - 2 potions of mutation {unknown}
 p - 2 potions of degeneration {unknown}
 r - 2 potions of ambrosia {unknown}
 t - 2 potions of flight {unknown}
 J - a potion of magic {unknown}
 K - 2 potions of resistance {unknown}


   Skills:
 + Level 7.4 Fighting
 + Level 7.8 Maces & Flails
 - Level 1.0 Throwing
 - Level 2.0 Dodging
 - Level 5.0 Unarmed Combat
 - Level 3.0 Spellcasting
 + Level 4.8 Translocations


You had 5 spell levels left.
You knew the following spells:

 Your Spells              Type           Power      Damage    Failure   Level
a - Blink                 Tloc           20%        N/A       2%          2
b - Lesser Beckoning      Tloc           10%        N/A       4%          3
c - Manifold Assault      Tloc           10%        N/A       41%         5

Your spell library contained the following spells:

 Spells                   Type           Power      Damage    Failure   Level
 Gell's Gravitas          Tloc           10%        N/A       4%          3
 Teleport Other           Tloc           10%        N/A       4%          3
 Passage of Golubria      Tloc           10%        N/A       16%         4
 Summon Guardian Golem    Hex/Summ       1%         N/A       32%         3
 Iskenderun's Battlesphe  Conj           1%         2d6       96%         5
 Silence                  Hex/Air        0%         N/A       96%         5
 Iron Shot                Conj/Erth      0%         9d1       100%        6
 Orb of Destruction       Conj           0%         9d5       100%        7
 Spellforged Servitor     Conj/Summ      0%         N/A       100%        7
 Lehudib's Crystal Spear  Conj/Erth      0%         10d2      100%        8


Dungeon Overview and Level Annotations

Branches:
Dungeon (8/15)             Temple (1/1) D:5         Ossuary (visited)
   Lair: D:8-11

Altars:
Ashenzari
Cheibriados
Dithmenos
Elyvilon
Fedhas
Gozag
Hepliaklqana
Kikubaaqudgha
Makhleb
Nemelex Xobeh
Okawaru
Qazlal
Ru
Trog
Vehumet
Wu Jian
Xom
Yredelemnul
Zin
The Shining One

Shops:
D:1 (   D:4 (   D:8 =*[(

Annotations:
D:3 2 transporters, fly's ghost, amateur FoDe
D:4 Pikel
D:5 1 runed translucent door, Longtemps's ghost, novice GrEE


Innate Abilities, Weirdness & Mutations

You are too large for most types of armour.
You have claws for hands.
Your natural rate of healing is unusually fast.
You are covered in fur. (AC +1)
You have tough skin. (AC +1)


Message History

The water moccasin poisons you!
There is an open door here.
You feel much better.
You feel very sick. The water moccasin bites you.
* * * LOW HITPOINT WARNING * * *
You are lethally poisoned!
The water moccasin poisons you!
A steam dragon comes into view.
You feel better. The water moccasin bites you.
* * * LOW HITPOINT WARNING * * *
You are poisoned.
The water moccasin poisons you!
The water moccasin bites you but does no damage.
The vampire closely misses you. x2; The orc barely misses you.
You feel very sick. The steam dragon bites you!
* * * LOW HITPOINT WARNING * * *
The steam dragon barely misses you.
You sock the steam dragon!
The steam dragon is moderately wounded.
You feel sick.
The water moccasin bites you but does no damage.
The steam dragon bites you!
* * * LOW HITPOINT WARNING * * *
The steam dragon claws you but does no damage.
You can't go up here!
Casting: Blink (safe; 2% risk of failure)
Confirm with . or Enter, or press ? or * to list all spells.
You blink.
You feel sick.
Save game and exit?
Welcome back, Devinter the Troll Warper.
Gozag says: Greed is good.
Press ? for a list of commands and other information.
You feel sick.
You feel sick.
You feel sick.
The orc throws a stone.
The stone misses you.
You feel sick. The water moccasin bites you!
You die...
Your body crumbles into a pile of gold.

##.........##.###'###...
#.......)..####.....###
#..........##....#....##
#..........#.....#(....#
#...########...#####...##
##### #......#......#
#.....[#......#
#.............#
#@....[.......#
#.S...........#
##.o.§§≈≈≈...##
#..V........#
##.........## #
###.D...###..#
###'###...# #.....#
#######


You could see a vampire, a steam dragon, a water moccasin and an orc.

Vanquished Creatures
  Eustachio (D:6)
  3 yaks (D:7)
  Sigmund (D:6)
  A steam dragon (D:8)
  Menkaure (D:6)
  A water moccasin (D:6)
  An orc warrior (D:8)
  4 ice beasts
  2 black bears
  2 ogres
  A sky beast (D:5)
  A hornet zombie (Ossuary)
  2 centaurs
  A lemure (D:3)
  A bullfrog (D:8)
  A water moccasin zombie (Ossuary)
  4 scorpions
  3 wyvern zombies
  A water moccasin skeleton (D:6)
  11 wights
  A howler monkey (D:8)
  6 bullfrog zombies (Ossuary)
  4 centaur zombies
  A hound (D:5)
  2 gnoll shamans
  An orc priest (D:8)
  Crazy Yiuf (D:3)
  13 mummies (Ossuary)
  3 iguanas
  2 scorpion zombies (D:5)
  An orc wizard (D:8)
  2 killer bee zombies
  2 hound zombies (D:5)
  3 howler monkey zombies
  7 gnolls
  8 adders
  A howler monkey skeleton (D:7)
  A shadow imp (D:7)
  A white imp (D:7)
  An ufetubus (D:5)
  An adder skeleton (D:4)
  2 worms (D:4)
  2 orcs
  14 ball pythons
  4 endoplasms
  4 giant cockroaches
  5 hobgoblins
  9 jackals
  8 kobolds
  3 quokkas
  5 bats
  4 frilled lizards
  7 goblins
  A rat (D:1)
173 creatures vanquished.

Vanquished Creatures (others)
  7 withered plants (Ossuary)
7 creatures vanquished.

Grand Total: 180 creatures vanquished

Notes
Turn   | Place    | Note
-------+----------+-------------------------------------------
     0 | D:1      | Devinter the Troll Warper began the quest for the Orb.
     0 | D:1      | Reached XP level 1. HP: 19/19 MP: 1/1
   103 | D:1      | Reached skill level 1 in Throwing
   203 | D:1      | Reached skill level 2 in Dodging
   226 | D:1      | Reached XP level 2. HP: 28/28 MP: 3/3
   362 | D:1      | Found Zixzih's Weapon Shop.
   762 | D:2      | Reached skill level 2 in Fighting
   762 | D:2      | Reached XP level 3. HP: 35/35 MP: 4/4
   911 | D:2      | Found a sparkling altar of Nemelex Xobeh.
   989 | D:2      | Found a faded altar of an unknown god.
  1111 | D:2      | Reached XP level 4. HP: 34/42 MP: 5/5
  1588 | D:3      | Reached skill level 3 in Unarmed Combat
  1588 | D:3      | Reached skill level 2 in Spellcasting
  1588 | D:3      | Reached skill level 3 in Translocations
  1591 | D:3      | Learned a level 2 spell: Blink
  1595 | D:3      | Learned a level 3 spell: Lesser Beckoning
  1600 | D:3      | Noticed fly's ghost (amateur FoDe)
  1747 | D:3      | Found a transporter.
  1756 | D:3      | Found a transporter.
  1887 | D:3      | Found a runed translucent door.
  1888 | D:3      | Noticed Crazy Yiuf
  1898 | D:3      | Killed Crazy Yiuf
  1899 | D:3      | Reached XP level 5. HP: 26/49 MP: 7/7
  2371 | D:4      | Upgraded the game from 0.28-a0-1382-g92835e5c71 to
                  | 0.28-a0-1387-g3a22ab9bdc
  2373 | D:4      | Found a bloodstained altar of Trog.
  2462 | D:4      | Upgraded the game from 0.28-a0-1387-g3a22ab9bdc to
                  | 0.29-a0-9-g022ca4c890
  2517 | D:4      | Noticed an ogre
  2526 | D:4      | Killed an ogre
  2527 | D:4      | Reached skill level 3 in Fighting
  2527 | D:4      | Reached XP level 6. HP: 20/61 MP: 7/9
  2559 | D:4      | Found Wuphef's Weapon Shop.
  2727 | D:4      | Reached skill level 1 in Maces & Flails
  2816 | D:4      | Noticed Pikel
  2921 | D:3      | Reached skill level 3 in Spellcasting
  2980 | D:4      | Reached XP level 7. HP: 59/68 MP: 10/10
  3079 | D:5      | Entered Level 5 of the Dungeon
  3092 | D:5      | Found a sand-covered staircase.
  3100 | Ossuary  | Entered an ossuary
  3128 | Ossuary  | Reached skill level 2 in Maces & Flails
  3138 | Ossuary  | Reached skill level 4 in Fighting
  3197 | Ossuary  | Reached skill level 3 in Maces & Flails
  3284 | Ossuary  | Reached skill level 5 in Fighting
  3284 | Ossuary  | Reached XP level 8. HP: 58/80 MP: 11/11
  3301 | Ossuary  | Reached skill level 4 in Maces & Flails
  3362 | Ossuary  | Reached skill level 5 in Maces & Flails
  4036 | D:5      | Reached skill level 4 in Unarmed Combat
  4209 | D:5      | Found a staircase to the Ecumenical Temple.
  4244 | Temple   | Entered the Ecumenical Temple
  4383 | Temple   | Became a worshipper of Gozag Ym Sagoz the Greedy
  4459 | D:5      | Found a runed translucent door.
  4462 | D:5      | Noticed Longtemps's ghost (novice GrEE)
  4574 | D:6      | Reached skill level 6 in Maces & Flails
  4574 | D:6      | Reached XP level 9. HP: 81/89 MP: 12/12
  4623 | D:6      | Identified the +4 spear "Sireciont" {vorpal, rC++ rN+
                  | Dex-5}
  4699 | D:6      | Noticed Sigmund
  4764 | D:6      | Killed Sigmund
  4765 | D:6      | Reached skill level 6 in Fighting
  4765 | D:6      | Reached skill level 5 in Unarmed Combat
  4916 | D:6      | Learned a level 5 spell: Manifold Assault
  4933 | D:6      | Found a snail-covered altar of Cheibriados.
  4972 | D:6      | Noticed Eustachio
  5001 | D:6      | Killed Eustachio
  5081 | D:6      | Noticed Menkaure
  5089 | D:6      | Killed Menkaure
  5455 | D:7      | Reached skill level 7 in Maces & Flails
  5462 | D:7      | Reached skill level 4 in Translocations
  5469 | D:7      | HP: 3/92 [yak (15)]
  5604 | D:7      | Reached skill level 7 in Fighting
  5968 | D:8      | Found Sodeur Peaf's Antique Armour Emporium.
  6162 | D:8      | Found Ubboqe's Assorted Antiques.
  6190 | D:8      | Found Reptin's Weapon Boutique.
  6257 | D:8      | Reached XP level 10. HP: 52/100 MP: 13/13
  6320 | D:8      | Noticed a two-headed ogre
  6394 | D:8      | Found an iron altar of Okawaru.
  6394 | D:8      | Found a glowing golden altar of the Shining One.
  6570 | D:8      | HP: 4/88 [wight (10)]
  6772 | D:8      | Found Qief Raps's Jewellery Shoppe.
  6812 | D:8      | HP: 1/77 [water moccasin (8)]
  6817 | D:8      | HP: 7/77 [poisoned by a water moccasin]
  6818 | D:8      | Upgraded the game from 0.29-a0-9-g022ca4c890 to
                  | 0.29-a0-25-g7f48f510a0
  6821 | D:8      | Slain by a water moccasin

Illustrated notes

Levels and vault maps discovered:
D:1:      lemuel_arrival_rhombus, layout_basic, serial_shops, shop,
          nrook_loot_triangle, minmay_misc_feat_enclosed
D:2:      layout_basic, hellmonk_ecumenical_altar_zigzags, basic_altar,
          minmay_pentomino_p4
D:3:      layout_loops_corners, gammafunk_ghost_arena, uniq_crazy_yiuf_cottage
D:4:      layout_cave_pools, mainiacjoe_overflow_paths, serial_shops,
          nicolae_shop_bloodbath_and_beyond, uniq_pikel
D:5:      layout_rooms, minmay_temple_entry_arrows, nicolae_ossuary_entry_plus,
          ebering_ghost_reflecting_pool, roderic_lattice_a
D:6:      layout_gridville, mainiacjoe_overflow_concentric_impassable,
          uniq_eustachio, uniq_menkaure, uniq_sigmund
D:7:      layout_loops_ring, hex_large, hangedman_glass_teeth
D:8:      layout_basic, grunt_temple_overflow_open, serial_shops,
          nicolae_take_the_stairs, nicolae_shop_hallway_plus,
          nicolae_shop_hallway_stairs, nicolae_shop_statue_plus, shop,
          grunt_potential
Temple:   eino_temple_rhombus

Skill      XL: |  1  2  3  4  5  6  7  8  9 |
---------------+----------------------------+-----
Throwing       | 1 |  1.0
Dodging        | 2 |  2.0
Fighting       | 2 3 5 7 |  7.4
Unarmed Combat | 3 4 5 |  5.0
Spellcasting   | 2 3 |  3.0
Translocations | 3 4 |  4.8
Maces & Flails | 1 3 6 7 |  7.8

Action                   |  1- 3 |  4- 6 |  7- 9 | 10-12 || total
-------------------------+-------+-------+-------+-------++-------
Melee: Unarmed           |    82 |   163 |   436 |    51 ||   732
       Punch             |     1 |     1 |    10 |     3 ||    15
       Mace              |       |       |       |    23 ||    23
Throw: Stone             |       |       |     2 |       ||     2
 Cast: Blink             |       |       |     2 |     3 ||     5
Evoke: Wand              |       |     3 |       |     1 ||     4
  Use: Potion            |       |       |       |     4 ||     4
 Stab: Sleeping          |     1 |       |       |       ||     1
       Distracted        |       |       |     1 |       ||     1
       Paralysed         |       |       |       |     2 ||     2
Armor: Robe              |    25 |    58 |   108 |    21 ||   212
Dodge: Dodged            |    38 |   105 |   191 |    65 ||   399

Table legend: (Time is in decaauts)
 A = Elapsed time spent in this place.
 B = Non-inter-level travel time spent in this place.
 C = Inter-level travel time spent in this place.
 D = Time resting spent in this place.
 E = Time spent auto-exploring this place.
 F = Levels seen in this place.
 G = Mean time per level.
                   A        B        C        D        E       F      G
               +--------+--------+--------+--------+--------+-----+--------+
         Total |   6792 |   6512 |    280 |    462 |   1362 |  10 |  679.2 |
       Dungeon |   6126 |   5869 |    257 |    417 |   1274 |   8 |  765.8 |
        Temple |    155 |    132 |     23 |      0 |      0 |   1 |  155.0 |
       Ossuary |    510 |    510 |      0 |     45 |     87 |   1 |  510.0 |
               +--------+--------+--------+--------+--------+-----+--------+

Top non-repeatable levels by time:
     D:7: 1048 daAuts
     D:3: 963 daAuts
     D:2: 864 daAuts
     D:5: 775 daAuts
     D:6: 693 daAuts
     D:4: 618 daAuts
     D:1: 608 daAuts
     D:8: 553 daAuts
 Ossuary: 510 daAuts
  Temple: 155 daAuts
